 Dungeon Crawl Stone Soup version 0.28.0 (webtiles) character file.

Game seed: 1823990505447099747

30 issech the Cudgeller (level 3, 0/36 HPs)
             Began as a Troll Monk on Feb 18, 2022.
             Slain by Sigmund (4 damage)
             ... on level 2 of the Dungeon.
             The game lasted 00:04:05 (1083 turns).

issech the Cudgeller (Troll Monk)                   Turns: 1083, Time: 00:04:05

Health: 0/36       AC:  4    Str: 19    XL:     3   Next: 3%
Magic:  2/2        EV: 10    Int:  6    God:
Gold:   29         SH:  0    Dex: 14    Spells: 2/2 levels left

rFire   . . .      SeeInvis .   a - +0 mace
rCold   . . .      Faith    .   (no shield)
rNeg    . . .      Spirit   .   b - +0 robe
rPois   .          Reflect  .   (helmet restricted)
rElec   .          Harm     .   (no cloak)
rCorr   .          Rampage  .   (gloves unavailable)
Will    .....                   (boots unavailable)
Stlth   ++........              (no amulet)
HPRegen 0.92/turn               (no ring)
MPRegen 0.08/turn               (no ring)

@: lethally poisoned (0 -> -1)
A: large, unfitting armour, claws 3, regeneration 1, shaggy fur 1, tough skin 1
a: no special abilities


You were on level 2 of the Dungeon.
You visited 1 branch of the dungeon, and saw 2 of its levels.

You collected 29 gold pieces.

Inventory:

Hand Weapons
 a - a +0 mace (weapon)
Missiles
 h - a stone (quivered)
 k - 15 sling bullets
Armour
 b - a +0 robe (worn)
Scrolls
 c - a scroll of holy word {unknown}
 e - 3 scrolls of fog {unknown}
 f - 2 scrolls of identify {unknown}
Potions
 d - 2 potions of heal wounds {unknown}
 g - a potion of brilliance {unknown}
 i - a potion of cancellation {unknown}
 j - a potion of magic {unknown}


   Skills:
 + Level 2.9 Fighting
 + Level 3.1 Maces & Flails
 + Level 2.6 Dodging
 + Level 1.1 Stealth


You had 2 spell levels left.
You didn't know any spells.
Your spell library contained the following spells:

 Spells                   Type           Power      Damage    Failure   Level
 Stone Arrow              Conj/Erth      0%         3d7       83%         3
 Animate Armour           Summ/Erth      0%         N/A       99%         4
 Lehudib's Crystal Spear  Conj/Erth      0%         10d2      100%        8
 Chain Lightning          Conj/Air       0%         N/A       100%        9
 Fire Storm               Conj/Fire      0%         5d1       100%        9
 Shatter                  Erth           0%         3d5*      100%        9


Dungeon Overview and Level Annotations

Branches:
Dungeon (2/15)

Altars:

Annotations:
D:2 Sigmund


Innate Abilities, Weirdness & Mutations

You are too large for most types of armour.
You have claws for hands.
Your natural rate of healing is unusually fast.
You are covered in fur. (AC +1)
You have tough skin. (AC +1)


Message History

The adder bites you but does no damage.
Found a book of Armaments.
Sigmund casts a spell.
Sigmund flickers and vanishes!
The adder barely misses you. The adder barely misses you.
You see here a book of Armaments.
You pick up a book of Armaments and begin reading...
You add the spells Stone Arrow, Animate Armour and Lehudib's Crystal Spear to your library.
The adder bites you.
You are poisoned.
The adder poisons you!
You closely miss the adder.
You feel sick. The adder bites you.
You are more poisoned.
The adder poisons you! The adder bites you.
You are more poisoned.
The adder poisons you!
You barely miss the adder.
You feel very sick. The adder closely misses you.
The adder completely misses you.
You hit the adder.
The adder is lightly wounded.
You feel very sick. The adder closely misses you. Something hits you!
You sock the adder!
The adder is severely wounded.
You feel sick.
The adder closely misses you. x2; Something hits you.
* * * LOW HITPOINT WARNING * * *
You miss the adder.
The adder is severely wounded.
You feel sick. The adder bites you but does no damage.
You barely miss the adder.
The adder is severely wounded.
You feel sick. The adder barely misses you. Something hits you.
* * * LOW HITPOINT WARNING * * *
The adder bites you but does no damage.
You sock the adder!
You kill the adder!
You feel sick. Something hits you.
You die...

############## #.# #...#
#............# #.# #...#
##'##########.# ##.######...#
#......# #.# ...........#
#......# #.######.#####....#
#......# #......#.#######..##
#......# #.##..†.............
#......#############.########...
#.............†@# ### ####
#.......######### #.......#
##.......# .'.......#
##.......####### ##.....÷.......
#.####.####### #.# #.#


There were no monsters in sight!

Vanquished Creatures
  An adder (D:2)
  A dart slug (D:1)
  3 endoplasms (D:1)
  2 giant cockroaches (D:1)
  2 goblins (D:1)
  4 hobgoblins (D:1)
  3 quokkas
  3 ball pythons
  3 frilled lizards
  2 kobolds (D:1)
  3 rats (D:1)
27 creatures vanquished.

Notes
Turn   | Place    | Note
-------+----------+-------------------------------------------
     0 | D:1      | issech the Troll Monk began the quest for the Orb.
     0 | D:1      | Reached XP level 1. HP: 22/22 MP: 0/0
   166 | D:1      | Reached XP level 2. HP: 29/29 MP: 1/1
   473 | D:1      | Reached skill level 3 in Maces & Flails
   850 | D:2      | Reached XP level 3. HP: 34/36 MP: 2/2
   974 | D:2      | Noticed Sigmund
  1083 | D:2      | Slain by Sigmund

Illustrated notes

Levels and vault maps discovered:
D:1:      minmay_arrival_cross, layout_loops_cross, minmay_close_crescents
D:2:      layout_basic, serial_shops,
          nicolae_shop_temple_entry_statues_fountains, roderic_serpentine_path,
          uniq_sigmund

Skill      XL: |  1  2 |
---------------+-------+-----
Maces & Flails | 3 |  3.1
Fighting       | |  2.9
Dodging        | |  2.6
Stealth        | |  1.1

Action                   || total
-------------------------++-------
Melee: Mace              ||    78
       Punch             ||     2
 Stab: Sleeping          ||     2
Armor: Robe              ||    29
Dodge: Dodged            ||    44
